 Dungeon Crawl Stone Soup version 0.18.1-5-g4a78601 (webtiles) character file.

74 Scarto the Ruffian (level 4, -1/37 HPs)
             Began as a Ghoul Gladiator on May 10, 2016.
             Slain by Sigmund
             ... wielding a +0 scythe
              (2 damage)
             ... on level 2 of the Dungeon.
             The game lasted 00:02:39 (1205 turns).

Scarto the Ruffian (Ghoul Gladiator)                Turns: 1205, Time: 00:02:40

Health: -1/37      AC:  6    Str: 19    XL:     4   Next: 30%
Magic:  3/3        EV: 12    Int:  3    God:
Gold:   63         SH:  0    Dex:  9    Spells: 0 memorised, 3 levels left

rFire  . . .     SeeInvis .     k - +0 mace
rCold  + . .     Gourm    .     a - +0 leather armour
rNeg   + + +     Faith    .     (no shield)
rPois  ∞         Spirit   .     b - +0 helmet
rElec  .         Dismiss  .     (no cloak)
rCorr  .         Reflect  .     l - +1 pair of gloves
SustAt .         Harm     .     (no boots)
MR     .....                    (no amulet)
Stlth  +.........               (no ring)
                                (no ring)

@: rotting, not resistant to hostile enchantments, very unstealthy
A: rotting body, claws 1, carnivore 3, cold resistance 1, negative energy
resistance 3, slow regeneration 1, torment resistance, unbreathing
a: no special abilities


You were on level 2 of the Dungeon.
You were not hungry.

You visited 1 branch of the dungeon, and saw 2 of its levels.

You collected 63 gold pieces.

Inventory:

Hand Weapons
 k - a +0 mace (weapon)
Missiles
 c - 3 throwing nets (quivered)
 m - 2 javelins
Armour
 a - a +0 leather armour (worn)
 b - a +0 helmet (worn)
 l - a +1 pair of gloves (worn)
 o - a +0 cloak
Scrolls
 e - 3 scrolls of identify {unknown}
 f - a scroll of fog {unknown}
 h - a scroll of teleportation {unknown}
 p - a scroll of amnesia {unknown}
 r - a scroll of remove curse {unknown}
Potions
 d - a potion of agility {unknown}
 g - a potion of berserk rage {unknown}
 i - 2 potions of curing {unknown}
 n - a potion of haste {unknown}
Comestibles
 j - a slice of pizza
 q - a chunk of flesh


   Skills:
 + Level 2.8 Fighting
 + Level 2.0 Throwing
 + Level 1.0 Armour
 + Level 3.4 Dodging
 + Level 3.8 Unarmed Combat


You had 3 spell levels left.
You didn't know any spells.

Dungeon Overview and Level Annotations

Branches:
Dungeon (2/15)

Altars:

Annotations:
D:2 Sigmund


Innate Abilities, Weirdness & Mutations

Your body is rotting away.
You thrive on raw meat.
You are immune to poison.
You have sharp fingernails.
You are carnivorous and can eat meat at any time.
Your flesh is cold resistant.
You are immune to negative energy.
You regenerate slowly when monsters are visible.
You are immune to unholy pain and torment.
You can survive without breathing.


Message History

You barely miss something.
You feel less confused.
You hear some strange, mumbled words.
A puff of flame appears from out of thin air!
The puff of flame hits you! Something hits you.
You hit something.
You hear some strange, mumbled words.
A magic dart appears from out of thin air!
The magic dart hits you!
* * * LOW HITPOINT WARNING * * *
You hit something. Something hits you.
* * * LOW HITPOINT WARNING * * *
You hit something but do no damage. Your punch misses something.
Something hits you.
* * * LOW HITPOINT WARNING * * *
You barely miss something. Something hits you but does no damage.
You barely miss something. Something hits you.
* * * LOW HITPOINT WARNING * * *
You miss something. Something hits you.
You die...

#...#...#####
#.#....># #
#.##....# #
#.##.#### #
#.##.# #
######.##.# #
#.........# #
#.####.#### #
#@# #.######
# #{#
#......# #.#
######.# ####
#(# #.# #...
#.# #.# #.##
##.# #.# #.#
#... #.# #.#
#..# #.# #.#
#.### #.# #.#


There were no monsters in sight!

Vanquished Creatures
  Jessica (D:2)
  2 adders (D:2)
  A worm (D:2)
  A dart slug (D:1)
  5 bats
  3 giant cockroaches (D:1)
  3 goblins
  2 hobgoblins
  4 kobolds
  2 quokkas (D:2)
  A giant newt (D:1)
  A rat (D:1)
26 creatures vanquished.

Notes
Turn   | Place    | Note
--------------------------------------------------------------
     0 | D:1      | Scarto the Ghoul Gladiator began the quest for the Orb.
     0 | D:1      | Reached XP level 1. HP: 17/17 MP: 0/0
   138 | D:1      | Reached XP level 2. HP: 18/25 MP: 1/1
   722 | D:2      | Reached XP level 3. HP: 8/30 MP: 2/2
   920 | D:2      | Noticed Jessica
   936 | D:2      | Killed Jessica
   936 | D:2      | Reached skill level 1 in Armour
   936 | D:2      | Reached XP level 4. HP: 30/37 MP: 3/3
  1182 | D:2      | Noticed Sigmund
  1204 | D:2      | HP: 1/37 [something (2)]
  1205 | D:2      | Slain by Sigmund

Skill      XL: |  1  2  3 |
---------------+----------+-----
Dodging        | 3 |  3.4
Throwing       | 2 |  2.0
Armour         | 1 |  1.0
Fighting       | |  2.8
Unarmed Combat | |  3.8

Action                   |  1- 3 |  4- 6 || total
-------------------------+-------+-------++-------
Melee: Unarmed           |    63 |       ||    63
       Mace              |    45 |    34 ||    79
       Punch             |     2 |       ||     2
  Eat: Chunk             |     7 |     1 ||     8
       Meat ration       |     1 |       ||     1
Armor: Leather armour    |    38 |    18 ||    56
Dodge: Dodged            |    85 |    20 ||   105
